 Dungeon Crawl Stone Soup version 0.22.1 (webtiles) character file.

3056 Fang the Cleaver (level 9, -9/84 HPs)
             Began as a Gargoyle Berserker on Sept 17, 2018.
             Was an Elder of Trog.
             Killed by divine providence
             ... invoked by an orc priest
              (12 damage)
             ... on level 8 of the Dungeon on Sept 18, 2018.
             The game lasted 00:12:14 (10822 turns).

Fang the Cleaver (Gargoyle Berserker)              Turns: 10822, Time: 00:12:15

Health: -9/84      AC: 10    Str: 30    XL:     9   Next: 87%
Magic:  9/9        EV: 14    Int:  7    God:    Trog [****..]
Gold:   420        SH:  0    Dex:  9    Spells: 8/8 levels left

rFire    . . .     SeeInvis .   a - +0 hand axe
rCold    + . .     Gourm    .   (no shield)
rNeg     + . .     Faith    .   b - +1 robe "Tuaq" {Slay+3}
rPois    ∞         Spirit   .   (no helmet)
rElec    +         Reflect  .   w - +0 cloak {+Inv}
rCorr    .         Harm     .   (no gloves)
MR       .....                  (no boots)
Stlth    ..........             (no amulet)
HPRegen  0.24/turn              (no ring)
MPRegen  0.11/turn              B - ring of protection from cold

@: berserking, very quick
A: negative energy resistance 1, electricity resistance, unbreathing,
petrification resistance, rot immunity, AC +6
a: Berserk, Trog's Hand, Brothers in Arms, Renounce Religion, Evoke Invisibility


You were on level 8 of the Dungeon.
You worshipped Trog.
Trog was greatly pleased with you.
You were very hungry.

You visited 2 branches of the dungeon, and saw 9 of its levels.

You collected 420 gold pieces.

Inventory:

Hand Weapons
 a - a +0 hand axe (weapon)
 H - a +1 vampiric hand axe
Armour
 b - the +1 robe "Tuaq" (worn) {Slay+3}
   (You found it on level 8 of the Dungeon)

   It affects your accuracy and damage with ranged weapons and melee attacks
   (+3).
 w - a +0 cloak of invisibility (worn)
 E - a +2 leather armour of fire resistance
Jewellery
 B - a ring of protection from cold (right hand)
Wands
 l - a wand of disintegration (7)
 q - a wand of digging (11)
 t - a wand of polymorph (29)
 y - a wand of acid (7)
 G - a wand of random effects (20)
Scrolls
 d - 2 scrolls of enchant weapon {unknown}
 f - 4 scrolls of remove curse {unknown}
 g - 2 scrolls of magic mapping {unknown}
 h - 4 scrolls of amnesia {unknown}
 j - 2 scrolls of teleportation {unknown}
 k - 9 scrolls of identify {unknown}
 x - a scroll of enchant armour {unknown}
 z - a scroll of random uselessness {unknown}
 C - a scroll of fog {unknown}
 D - a scroll of torment {unknown}
Potions
 e - 4 potions of might {unknown}
 i - 2 potions of resistance {unknown}
 m - a potion of mutation {unknown}
 n - 4 potions of agility
 o - 3 potions of lignification {unknown}
 p - 2 potions of haste {unknown}
 r - 2 potions of magic {unknown}
 s - 3 potions of curing {unknown}
 u - 2 potions of invisibility {unknown}
 v - a potion of brilliance {unknown}
 A - a potion of flight {unknown}
Comestibles
 c - 11 rations


   Skills:
 + Level 6.8 Fighting
 + Level 8.9 Axes
 + Level 3.1 Armour
 + Level 5.5 Dodging
 + Level 5.0 Stealth


You had 8 spell levels left.
You didn't know any spells.
Your spell library was empty.

Dungeon Overview and Level Annotations

Branches:
Dungeon (8/15)             Temple (1/1) D:5
   Lair: D:8-11

Altars:
Ashenzari
Cheibriados
Dithmenos
Fedhas
Gozag
Kikubaaqudgha
Makhleb
Nemelex Xobeh
Okawaru
Sif Muna
Trog
Uskayaw
Vehumet
Wu Jian

Shops:
D:6 (:


Innate Abilities, Weirdness & Mutations

You are resistant to torment.
Your stone body is resilient. (AC +6)
You are immune to poison.
You resist negative energy. (rN+)
You are resistant to electric shocks. (rElec)
You can survive without breathing.
You are immune to petrification.
You are immune to rotting.


Message History

Beogh smites you!
* * * LOW HITPOINT WARNING * * *
You hit the orc warrior but do no damage.
You slash the orc warrior!
The orc warrior is severely wounded.
The orc warrior hits you but does no damage.
The orc priest calls upon Beogh to heal the orc warrior.
The orc warrior is healed somewhat.
You slash the orc warrior!
The orc warrior is severely wounded.
The orc priest looks braver for a moment.
You barely miss the orc warrior.
The orc warrior is severely wounded.
The orc warrior hits you but does no damage.
You slash the orc warrior!
You kill the orc warrior!
Trog accepts your kill.
The orc priest calls down the wrath of Beogh upon you.
Beogh smites you!
You die...

..(.#(..# #.#
#..#.......
#.##.##.########.#
#..#.......
#)##.##..........#
#..##.....#
#.##.##..#########
##.####.###
..##.##.......#
#.........
.........####.#
######..##
...####### #.#
#.### #..#
#.######
#######.... ...#
#...@)o#
#.......### ...#
######o#
#.#######.. ...# #
#.# #.# ..## #.#
#.# ..# #.# #.#
..### #.# #.#
....# #.# #.#
..#.# #.# #.#
.##.# #.# #.#


You could see an orc priest and an orc.

Vanquished Creatures
  A hungry ghost (D:8)
  2 orc warriors
  3 sky beasts
  3 ice beasts
  2 ogres
  5 centaurs (D:8)
  2 bullfrogs
  A water moccasin zombie (D:6)
  4 scorpions
  2 howler monkeys (D:6)
  A crimson imp (D:8)
  A centaur zombie (D:7)
  A bullfrog zombie (D:5)
  2 jellies
  2 hounds
  5 orc priests
  5 orc wizards (D:4)
  Jessica (D:2)
  Crazy Yiuf (D:4)
  6 iguanas
  6 worker ants
  3 hound skeletons
  6 gnolls
  9 adders
  2 shadow imps
  A worm (D:5)
  5 dart slugs
  6 leopard geckos
  20 orcs
  4 bats
  4 giant cockroaches
  5 hobgoblins
  12 jackals
  5 kobolds
  4 quokkas
  7 frilled lizards
  9 goblins
  A jackal zombie (D:8)
  9 rats
168 creatures vanquished.

Notes
Turn   | Place    | Note
-------+----------+-------------------------------------------
     0 | D:1      | Fang the Gargoyle Berserker began the quest for the Orb.
     0 | D:1      | Reached XP level 1. HP: 14/14 MP: 1/1
   411 | D:1      | Reached skill level 3 in Axes
   411 | D:1      | Reached XP level 2. HP: 18/19 MP: 2/2
  1069 | D:2      | Reached XP level 3. HP: 17/23 MP: 3/3
  1245 | D:2      | Reached ** piety under Trog
  1347 | D:2      | Found a blossoming altar of Fedhas.
  1421 | D:2      | Reached XP level 4. HP: 27/29 MP: 4/4
  1808 | D:2      | Found a radiant altar of Vehumet.
  2071 | D:2      | Reached skill level 1 in Stealth
  2176 | D:2      | Found an iron altar of Okawaru.
  2204 | D:2      | Found a shadowy altar of Dithmenos.
  2358 | D:2      | Noticed Jessica
  2363 | D:2      | Killed Jessica
  2363 | D:2      | Reached skill level 4 in Axes
  2363 | D:2      | Reached XP level 5. HP: 31/33 MP: 5/5
  2411 | D:2      | Found an ornate altar of the Wu Jian Council.
  3374 | D:3      | Found an opulent altar of Gozag.
  3568 | D:3      | Found a faded altar of an unknown god.
  4010 | D:4      | Reached XP level 6. HP: 38/38 MP: 6/6
  4078 | D:4      | Found a runed door.
  4119 | D:4      | Reached *** piety under Trog
  4732 | D:4      | Reached skill level 5 in Axes
  4740 | D:4      | Reached XP level 7. HP: 31/44 MP: 7/7
  5905 | D:4      | Noticed Crazy Yiuf
  5908 | D:4      | Killed Crazy Yiuf
  5991 | D:5      | Entered Level 5 of the Dungeon
  6235 | D:5      | Found a staircase to the Ecumenical Temple.
  6248 | Temple   | Entered the Ecumenical Temple
  6290 | D:5      | Reached skill level 6 in Axes
  6800 | D:5      | Reached skill level 5 in Fighting
  6800 | D:5      | Reached XP level 8. HP: 43/49 MP: 8/8
  7411 | D:6      | Found a snail-covered altar of Cheibriados.
  7478 | D:6      | Found Zecuew's Weapon Shoppe.
  7519 | D:6      | Found a deep blue altar of Sif Muna.
  7533 | D:6      | Found Zesahung's Book Shop.
  7569 | D:6      | Reached skill level 7 in Axes
  8882 | D:7      | Found a burning altar of Makhleb.
  8944 | D:7      | Received a gift from Trog
  8952 | D:7      | Reached XP level 9. HP: 28/55 MP: 9/9
  9368 | D:7      | Found a shattered altar of Ashenzari.
  9374 | D:7      | Found a hide-covered altar of Uskayaw.
  9649 | D:7      | Reached skill level 5 in Dodging
  9876 | D:8      | Reached skill level 8 in Axes
  9960 | D:8      | Found a bloodstained altar of Trog.
  9978 | D:8      | Got an ominously black robe
  9989 | D:8      | Identified the +1 robe "Tuaq" {Slay+3} (You found it on
                  | level 8 of the Dungeon)
 10419 | D:8      | Reached **** piety under Trog
 10734 | D:8      | Reached skill level 5 in Stealth
 10817 | D:8      | HP: 2/84 [orc priest/divine providence (16)]
 10822 | D:8      | Killed from afar by an orc priest

Skill      XL: |  1  2  3  4  5  6  7  8  9 |
---------------+----------------------------+-----
Axes           | 3 4 5 6 7 8 |  8.9
Dodging        | 2 3 4 5 |  5.5
Stealth        | 1 2 3 4 5 |  5.0
Fighting       | 4 5 6 |  6.8
Armour         | 3 |  3.1

Action                   |  1- 3 |  4- 6 |  7- 9 || total
-------------------------+-------+-------+-------++-------
Melee: Hand axe          |   105 |   246 |   473 ||   824
Invok: Berserk           |       |     3 |     6 ||     9
 Stab: Sleeping          |     2 |     3 |     7 ||    12
       Distracted        |       |     1 |       ||     1
  Eat: Chunk             |     1 |    12 |    21 ||    34
       Ration            |       |       |     2 ||     2
Armor: Animal skin       |    43 |    77 |    52 ||   172
       Leather armour    |       |       |    25 ||    25
       Robe              |       |       |    29 ||    29
Dodge: Dodged            |   100 |   134 |   252 ||   486
